 Dungeon Crawl Stone Soup version 0.30.1-11-g7821555f0a (webtiles) character file.

Game seed: 9490501735977463928

3551 ChrisAssaf the Chopper (level 10, -12/80 HPs)
             Began as a Hill Orc Necromancer on Dec 18, 2023.
             Was a Priest of Beogh.
             Mangled by Gastronok (27 damage)
             ... on level 8 of the Dungeon on Dec 19, 2023.
             The game lasted 00:31:50 (7388 turns).

ChrisAssaf the Chopper (Hill Orc Necromancer)       Turns: 7388, Time: 00:31:50

Health: -12/80     AC:  5    Str: 18    XL:     10   Next: 9%
Magic:  1/15       EV: 12    Int: 21    God:    Beogh [***...]
Gold:   59         SH:  0    Dex: 11    Spells: 4/16 levels left

rFire   + + +        A - +2 battleaxe of Puleneira {flame, rC+ Will- Str+6 Int+2}
rCold   + . .        (shield currently unavailable)
rNeg    . . .        J - +1 robe {rF+}
rPois   .            (no helmet)
rElec   .            C - scarf {rC+ rF+}
rCorr   .            (no gloves)
SInv    .            m - +1 pair of boots {Stlth+}
Will    .....        j - amulet of regeneration
Stlth   +++          l - ring of fire
HPRegen 1.13/turn    i - ring of willpower
MPRegen 0.14/turn

%: no passive effects
@: lethally poisoned (-12 -> -16), slowed, very slow
A: no striking features
a: Renounce Religion, Smiting


You were on level 8 of the Dungeon.
You worshipped Beogh.
Beogh was most pleased with you.
You visited 1 branch of the dungeon, and saw 8 of its levels.
You also visited: Sewer and Ossuary.

You collected 439 gold pieces.
You spent 380 gold pieces at shops.

Inventory:

Hand Weapons
 g - a +4 dagger of speed
 h - a +0 lajatang
 k - a +1 war axe of holy wrath
 A - the +2 battleaxe of Puleneira (weapon) {flame, rC+ Will- Str+6 Int+2}
   (You found it on level 4 of the Dungeon)

   Str:       It affects your strength (+6).
   Int:       It affects your intelligence (+2).
   rC:        It protects you from cold.
   Will:      It decreases your willpower.
Missiles
 n - 4 datura-tipped darts (quivered)
Armour
 a - a +0 robe
 m - a +1 pair of boots of stealth (worn)
 C - a scarf of resistance (worn)
 J - a +1 robe of fire resistance (worn)
Jewellery
 i - a ring of willpower (right hand)
 j - an amulet of regeneration (around neck)
 l - a ring of fire (left hand)
Wands
 f - a wand of digging (5)
 K - a wand of flame (10)
Scrolls
 b - a scroll of teleportation
 e - 4 scrolls of amnesia {unknown}
 o - 2 scrolls of torment {unknown}
 q - 2 scrolls of acquirement {unknown}
 r - a scroll of blinking {unknown}
 u - a scroll of fear
 x - a scroll of poison
 y - a scroll of noise {unknown}
 F - 2 scrolls of enchant weapon
 G - a scroll of brand weapon {unknown}
 I - a scroll of immolation
Potions
 c - 2 potions of attraction
 p - a potion of might {unknown}
 s - 4 potions of curing
 t - 3 potions of mutation {unknown}
 v - 4 potions of invisibility {unknown}
 w - a potion of ambrosia {unknown}
 z - 6 potions of flight
 D - 2 potions of degeneration {unknown}
 E - a potion of heal wounds
 H - a potion of lignification {unknown}
Miscellaneous
 B - a piece from Xom's chessboard (15/15)


   Skills:
 * Level 4.5 Fighting
 * Level 3.4 Short Blades
 * Level 7.1 Axes
 * Level 3.3 Throwing
 * Level 3.8 Armour
 * Level 3.6 Dodging
 * Level 3.9 Stealth
 * Level 3.9 Spellcasting
 * Level 6.5 Necromancy
 * Level 4.6 Invocations
 * Level 3.3 Evocations


You had 4 spell levels left.
You knew the following spells:

 Your Spells              Type           Power      Damage    Failure   Level
a - Necrotise             Necr           100%       1d9       1%          1
b - Vampiric Draining     Necr           31%        2d8       2%          3
c - Animate Dead          Necr           31%        N/A       9%          4
d - Dispel Undead         Necr           31%        3d14      9%          4

Your spell library contained the following spells:

 Spells                   Type           Power      Damage    Failure   Level
 Cigotuvi's Dreadful Rot  Necr/Pois/Air  26%        N/A       8%          2
 Agony                    Necr           31%        N/A       24%         5
 Death Channel            Necr           15%        N/A       78%         6


Dungeon Overview and Level Annotations

Branches:
Dungeon (8/15)             Temple (0/1) D:6           Sewer (visited)
Ossuary (visited)
   Lair: D:8-11

Altars:
Elyvilon
Gozag
Okawaru
Ru
Uskayaw
Vehumet

Shops:
D:2 [   D:7 *

Annotations:
D:4 2 runed translucent doors
D:5 1 runed translucent door
D:8 Erica, Gastronok


Message History

The centaur is engulfed in poison gas.
The centaur looks even sicker.
The centaur is engulfed in poison gas.
The centaur looks as sick as possible!
Gastronok is engulfed in poison gas.
Gastronok is poisoned.
Gastronok glows a brilliant shade of cerise.
You kill the centaur!
Beogh accepts your kill.
Gastronok looks even sicker.
Gastronok looks at you while chanting.
You feel yourself slow down.
Gastronok is engulfed in poison gas.
Gastronok looks even sicker.
Psyche hits Gastronok.
Psyche splashes around in the water.
Gastronok is engulfed in poison gas.
Gastronok looks as sick as possible!
Psyche hits Gastronok.
The centaur shoots an arrow.
The arrow closely misses you.
Gastronok is engulfed in poison gas.
Gastronok looks as sick as possible!
Beogh accepts your kill.
You hear a splash.
You feel a bit more experienced.
Erica the Fiery-Tempered comes into view.
She is wielding a +1 scimitar of flaming.
Erica is poisoned.
Erica gestures at you while chanting.
Psyche appears confused.
You swap places.
Erica is engulfed in poison gas.
Erica looks even sicker.
Press: ? - help, v - describe, . - travel, g - get item
Here: Erica, wielding a +1 scimitar of flaming and wearing a +0 robe (lightly wounded, very poisoned, ally target)
Items here: ( )) †.
The floor.
Casting: Vampiric Draining (mildly dangerous; 2% risk of failure)
Confirm with . or Enter, or press ? or * to list all spells.
Aiming: Vampiric Draining (mildly dangerous; 2% risk of failure)
Press: ? - help, Shift-Dir - straight line, f - Gastronok
Aim: Gastronok, wearing a +2 hat (moderately wounded, very poisoned)
You draw life force from Gastronok!
You feel life coursing into your body.
Erica points at you and mumbles some strange words.
The bolt of poison hits you!!
You are poisoned.
* * * LOW HITPOINT WARNING * * *
Psyche barely misses you. Gastronok bites you!!
You die...

#.#.##### #.#
.Z# # #.# ###
#.# #.# #
#)#### #.
#.#.. #..
#†#.#
..#...#)#Z#
......)@@.#
...#...w###
.)..)....
≈≈≈≈≈≈≈~≈≈
~)~~~~≈≈~≈≈
≈≈≈≈≈≈~≈≈~≈.
≈~~~~≈≈~≈~≈..
~≈≈≈≈~≈~≈~≈...


You could see Gastronok (very poisoned), Erica (very poisoned, ally target) and
the friendly Psyche the human zombie (confused).

Vanquished Creatures
  The ghost of Kranky the Trooper, a novice DsAr (D:5)
  Psyche (D:8)
  A yak (D:4)
  2 water moccasins (D:4)
  A sky beast (D:4)
  An ice beast (D:8)
  An ogre (D:4)
  A phantom (D:6)
  2 centaurs (D:8)
  4 bullfrogs (D:7)
  4 elf zombies (Ossuary)
  2 kobold brigands
  2 scorpions
  3 human zombies (Ossuary)
  5 centaur zombies (Ossuary)
  3 hounds
  5 orc priests
  2 iguanas
  Natasha (thrice) (D:2)
  A sleepcap (D:4)
  4 orc wizards
  3 mummies (Ossuary)
  7 gnolls
  5 adders
  4 river rats
  A shadow imp (D:7)
  A white imp (D:7)
  2 worms
  4 dart slugs
  23 orcs
  10 endoplasms
  6 giant cockroaches
  6 goblins
  2 hobgoblins
  10 jackals
  7 kobolds
  2 quokkas
  6 ball pythons
  4 bats
  5 frilled lizards
  10 rats
167 creatures vanquished.

Vanquished Creatures (collateral kills)
  An acid dragon (D:8)
  An orc wizard (D:8)
  4 gnolls
  An orc (D:5)
  An endoplasm (D:1)
  2 jackals (D:4)
  4 kobolds
  A quokka (D:3)
  A ball python (D:2)
16 creatures vanquished.

Vanquished Creatures (others)
  A gnoll bouda (D:7)
  2 orc wizards
  5 orcs
  4 gnoll zombies (D:5)
  2 jackal zombies (D:5)
14 creatures vanquished.

Grand Total: 197 creatures vanquished

Notes
Turn   | Place    | Note
-------+----------+-------------------------------------------
     0 | D:1      | ChrisAssaf the Hill Orc Necromancer began the quest for the
                  | Orb.
     0 | D:1      | Reached XP level 1. HP: 14/14 MP: 3/3
   289 | D:1      | Reached XP level 2. HP: 16/20 MP: 0/4
   403 | D:2      | Reached XP level 3. HP: 27/27 MP: 1/5
   407 | D:2      | Learned a level 3 spell: Vampiric Draining
   983 | D:3      | Became a worshipper of Beogh the Brigand
  1224 | D:2      | Reached XP level 4. HP: 34/34 MP: 6/6
  1244 | D:2      | Reached skill level 1 in Armour
  1754 | D:2      | Noticed Natasha
  1759 | D:2      | Found Leifisch's Armour Shoppe.
  1761 | D:2      | Killed Natasha
  1762 | D:2      | Reached skill level 1 in Fighting
  1830 | D:2      | Noticed Natasha
  1844 | D:2      | Killed Natasha
  1845 | D:2      | Reached XP level 5. HP: 32/40 MP: 1/8
  1850 | D:2      | Learned a level 4 spell: Animate Dead
  2025 | D:2      | Noticed Natasha
  2039 | D:2      | Killed Natasha
  2040 | D:2      | Reached skill level 1 in Throwing
  2420 | D:2      | Bought a +1 pair of boots of stealth for 165 gold pieces
  2533 | D:4      | Found a sand-covered staircase.
  2544 | D:4      | Noticed a sky beast
  2580 | D:4      | Killed a sky beast
  2581 | D:4      | Reached skill level 1 in Short Blades
  2581 | D:4      | Reached XP level 6. HP: 14/47 MP: 2/9
  2599 | Ossuary  | Entered an ossuary
  2636 | Ossuary  | Reached skill level 5 in Necromancy
  2636 | Ossuary  | Reached skill level 1 in Invocations
  2676 | Ossuary  | Reached skill level 1 in Evocations
  2676 | Ossuary  | Reached XP level 7. HP: 8/55 MP: 11/11
  2744 | Ossuary  | Reached skill level 1 in Axes
  2777 | Ossuary  | Reached skill level 2 in Axes
  2802 | Ossuary  | Reached * piety under Beogh
  2843 | Ossuary  | Reached skill level 3 in Axes
  2990 | D:4      | Reached XP level 8. HP: 31/62 MP: 1/12
  3205 | D:4      | Found an iron altar of Okawaru.
  3381 | D:4      | Found a large runed translucent door.
  3383 | D:4      | Found a large runed translucent door.
  3385 | D:4      | Found a large runed translucent door.
  3395 | D:4      | Found a large runed translucent door.
  3434 | D:4      | Reached skill level 4 in Axes
  3449 | D:4      | Identified the +2 battleaxe of Puleneira {flame, rC+ Will-
                  | Str+6 Int+2}
  3506 | D:4      | Reached ** piety under Beogh
  3740 | D:4      | Noticed a yak
  3755 | D:4      | Killed a yak
  3757 | D:4      | Identified the staff of fire "Tid Ast" {rF+ Str+3 Stlth+}
  3916 | D:5      | Entered Level 5 of the Dungeon
  4092 | D:5      | Found a glowing drain.
  4099 | Sewer    | Entered a sewer
  4169 | Sewer    | Reached skill level 5 in Axes
  4187 | Sewer    | Found a white marble altar of Elyvilon.
  4310 | D:5      | Found a white marble altar of Elyvilon.
  4334 | D:5      | Reached XP level 9. HP: 60/70 MP: 3/14
  4443 | D:5      | Found a runed translucent door.
  4473 | D:5      | Noticed Kranky's ghost (novice DsAr)
  4490 | D:5      | Found a runed translucent door.
  4511 | D:5      | Killed Kranky's ghost
  4609 | D:5      | Found a radiant altar of Vehumet.
  4845 | D:5      | Reached skill level 6 in Axes
  4860 | D:5      | Found a sacrificial altar of Ru.
  5244 | D:6      | Found a staircase to the Ecumenical Temple.
  5349 | D:6      | HP: 1/71 [something (3)]
  5796 | D:6      | Found an opulent altar of Gozag.
  6123 | D:7      | Reached *** piety under Beogh
  6797 | D:7      | Found Wintint's Fire Supplies.
  6817 | D:7      | Bought a +1 robe of fire resistance for 139 gold pieces
  6817 | D:7      | Bought a wand of flame (2) for 15 gold pieces
  6817 | D:7      | Bought a wand of flame (8) for 61 gold pieces
  6997 | D:8      | Learned a level 4 spell: Dispel Undead
  7170 | D:8      | Found a hide-covered altar of Uskayaw.
  7224 | D:8      | Noticed Psyche
  7242 | D:8      | Killed Psyche
  7360 | D:8      | Reached XP level 10. HP: 74/80 MP: 15/15
  7365 | D:8      | Reached skill level 7 in Axes
  7374 | D:8      | Noticed Gastronok
  7386 | D:8      | Noticed Erica
  7388 | D:8      | Mangled by Gastronok

Illustrated notes

Levels and vault maps discovered:
D:1:      tarquinn_simple_flora_water_f, layout_basic
D:2:      layout_rooms, serial_shops, shop, uniq_natasha
D:3:      layout_rooms
D:4:      layout_cave_pools, okawaru_trees_1, nicolae_ossuary_entry_ruins,
          minmay_stone_trees_small, minmay_hollow_rounded_squares
D:5:      layout_cave_pools, mainiacjoe_overflow_24_doors,
          nicolae_ru_path_of_blood, mainiacjoe_overflow_boulevard,
          ebering_ghost_sewer_f, gup_sewer_entry_bubbles,
          hangedman_decor_diamond_cutter
D:6:      layout_loops_corners, lemuel_coloured_pillars_altar,
          minmay_temple_entry_mini_moons
D:7:      layout_basic, chequers_serial_rivers_large_b, nicolae_shop_fire_sale
          [nicolae_sub_dead_trees]
D:8:      nicolae_whirlpool, layout_basic, nicolae_uskayaw_dance_hall,
          st_stairs_5, eino_small_chamber_without_monster, uniq_psyche,
          uniq_gastronok, uniq_erica

Skill      XL: |  1  2  3  4  5  6  7  8  9 10 |
---------------+-------------------------------+-----
Spellcasting   | 2 3 |  3.9
Armour         | 1 2 3 |  3.8
Fighting       | 1 2 3 4 |  4.5
Stealth        | 2 3 |  3.9
Throwing       | 1 2 3 |  3.3
Short Blades   | 1 2 3 |  3.4
Dodging        | 2 3 |  3.6
Necromancy     | 5 6 |  6.5
Invocations    | 1 2 3 4 |  4.6
Evocations     | 1 2 3 |  3.3
Axes           | 3 5 6 7 |  7.1

Action                     |  1- 3 |  4- 6 |  7- 9 | 10-12 || total
---------------------------+-------+-------+-------+-------++-------
  Melee: Dagger            |    21 |    75 |    42 |       ||   138
         War axe           |       |    41 |    69 |       ||   110
         Punch             |       |     1 |     5 |       ||     6
         Battleaxe         |       |       |   154 |     1 ||   155
  Throw: Javelin           |    29 |     3 |       |       ||    32
         Dart              |       |       |     8 |       ||     8
   Cast: Necrotise         |    36 |    12 |    20 |       ||    68
         Vampiric Draining |     3 |    10 |    37 |     6 ||    56
         Animate Dead      |       |       |     3 |       ||     3
 Invoke: Convert to Beogh  |     1 |       |       |       ||     1
         Smiting           |       |       |     1 |       ||     1
  Evoke: Wand              |       |       |     6 |       ||     6
    Use: Scroll            |     8 |     4 |     4 |     2 ||    18
         Potion            |     2 |     3 |     4 |       ||     9
   Stab: Sleeping          |       |     2 |    11 |       ||    13
         Distracted        |       |       |     1 |       ||     1
 Armour: Robe              |    11 |    35 |    93 |       ||   139
  Dodge: Dodged            |    47 |    67 |   197 |     9 ||   320
